[Event "FIDE WSCC 50 2022"]
[Site "Assisi"]
[Date "2022.11.22"]
[Round "7.15"]
[White "Arkell, Keith C"]
[Black "Al-Ali, Hussein Ali Hussein"]
[Result "1/2-1/2"]
[ECO "A55"]
[WhiteElo "2408"]
[BlackElo "2231"]
[Annotator "TA"]
[PlyCount "152"]
[EventDate "2022.11.14"]
[EventType "swiss"]
[EventCountry "ITA"]
[SourceTitle "playchess.com"]
[Source "ChessBase"]
[SourceQuality "1"]
[TimeControl "40/5400+30:1800+30"]

1. d4 Nf6 2. Nf3 d6 3. g3 Nbd7 4. c4 e5 5. Nc3 Be7 6. Bg2 O-O 7. O-O c6 8. e4 Qc7 9. h3 Re8 10. Be3 exd4 11. Nxd4 ({Reject} 11. Qxd4 $6 Ne5 $11) 11... Bf8 {[%emt 0:00:14] A55: Old Indian Defence with Nf3 and e4.} 12. Qc2 a6 13. Rfd1 {[%emt 0:01:32] [#]} Rb8 $146 {[%emt 0:00:15] White is slightly better.} ({Predecessor:} 13... Ne5 14. b3 Ng6 15. Rac1 h5 16. Bg5 Nh7 17. Be3 b6 18. Nxc6 Qxc6 19. e5 Qc7 20. Bxa8 Bxh3 {0-1 (32) Bogosavljevic,B (2580)-Ratkovic,M (2228) Belgrade 2015}) 14. Rd2 {[%emt 0:01:46] White is more active.} Ne5 15. b3 c5 16. Nf5 b5 17. cxb5 axb5 18. Bg5 b4 {[%emt 0:00:31] [#] White must now prevent ...Bxf5.} 19. Ne2 Bxf5 20. exf5 Ned7 21. Rad1 h6 22. Be3 (22. Bh4 $14) 22... Rbc8 $11 23. Nf4 Nb6 24. Rc1 Qb8 25. Nd5 Nbxd5 26. Bxd5 Re5 27. Bf3 Rce8 28. Bf4 Re1+ 29. Rxe1 Rxe1+ 30. Kg2 {[%emt 0:00:13] Threatens to win with Qxc5.} Qb5 {[%emt 0:00:17] [#] ( -> ...Qf1+)} 31. Qd3 {[%emt 0:01:34] Against Qf1+} Qd7 32. g4 Qe8 $1 33. h4 Ne4 (33... d5 $11) 34. Re2 (34. Rc2 $1 $14) 34... Rxe2 35. Qxe2 d5 36. Bxe4 dxe4 {[%emt 0:00:21][%mdl 4096] Endgame KQB-KQB} 37. g5 Qc6 38. Qc4 hxg5 39. hxg5 g6 40. f6 Qa8 41. Qe2 Qd5 42. Qc4 Qa8 43. Qc2 Qd5 44. Kf1 Qe6 45. Ke1 Qf5 46. Qd2 Qe6 47. Qe2 Qf5 48. Be3 Qe5 49. Qa6 Qc3+ 50. Ke2 Qb2+ 51. Bd2 Qd4 52. Qc4 Bd6 53. Qc2 Kf8 54. Be3 Qd5 55. Qc4 Qxc4+ ({Don't do} 55... Qf5 56. Qa6 Qe6 57. Qa8+ Qe8 58. Qd5 $16) (55... Qe5 $11 {and Black has nothing to worry.}) 56. bxc4 {[%emt 0:00:02] KB-KB} Ke8 57. Bd2 {[%emt 0:00:46] Ke3 is the strong threat.} Be5 58. Ke3 Bd4+ 59. Kxe4 Bxf2 60. Kd5 Kd7 61. Bf4 Bg1 62. Bd6 Be3 63. Bxc5 Bxg5 64. Be7 $2 ({White has to play} 64. Bxb4 $18 Bxf6 65. c5) 64... Bd2 {[%emt 0:02:21] The position is equal.} 65. c5 g5 66. c6+ Kc8 67. Bd6 Bc3 68. Ke4 Bxf6 69. Bxb4 Bd8 70. a4 g4 71. a5 {[%emt 0:00:00] Strongly threatening a6.} f5+ 72. Kxf5 {[%emt 0:00:00] White threatens a6 and mate.} Kc7 73. Kxg4 Kxc6 74. Be1 Kb5 75. Kh3 Bxa5 76. Bxa5 Kxa5 {[%emt 0:00:00] Black defended with fortune.  Weighted Error Value: White=0.07 (flawless) /Black=0.16 (very precise)} 1/2-1/2

[Event "FIDE WSCC 50 2022"]
[Site "Assisi"]
[Date "2022.11.25"]
[Round "10.1"]
[White "Bellia, Fabrizio"]
[Black "Sturua, Zurab"]
[Result "1/2-1/2"]
[ECO "C67"]
[WhiteElo "2398"]
[BlackElo "2522"]
[Annotator "TA"]
[PlyCount "72"]
[EventDate "2022.11.14"]
[EventType "swiss"]
[EventCountry "ITA"]
[SourceTitle "playchess.com"]
[Source "ChessBase"]
[SourceQuality "1"]
[TimeControl "40/5400+30:1800+30"]

1. e4 e5 2. Nf3 Nc6 3. Bb5 Nf6 4. O-O Nxe4 5. Re1 Nd6 6. a4 {[%emt 0:00:06] C67: Ruy Lopez: Berlin Defence: 4 0-0 Nxe4.} Be7 7. Nc3 {[%emt 0:00:09] Against e4} O-O 8. d4 Nxb5 9. axb5 Nxd4 10. Nxd4 exd4 11. Nd5 (11. Qxd4 Bf6 12. Qc4 c6 $15) 11... Bf6 12. Qf3 {[%emt 0:11:30] Black must now prevent Nxf6+.} d6 {[%emt 0:00:31] [#]} 13. Bh6 $146 ({Predecessor:} 13. Nxf6+ Qxf6 14. Qxf6 gxf6 15. Bh6 Rd8 16. Re7 Bd7 17. h4 Bxb5 18. Rxc7 Rac8 19. Rxb7 {1-0 (35) Perez Candelario,M (2579)-Garcia Ramos,D (2435) Linares 2022}) 13... Bg5 (13... Bh4 $5 14. g3 c6 15. bxc6 bxc6 16. gxh4 cxd5 $15) 14. Bxg5 Qxg5 15. Nxc7 Rb8 16. h4 (16. Rxa7 $2 Qc5 17. Ra8 (17. b6 $2 Qxb6 18. Ra4 Qxc7 $19) 17... Rxa8 18. Nxa8 Be6 $19) 16... Qc5 17. Nd5 (17. Re7 $1 $11) 17... Be6 $15 18. Nf4 Qxb5 19. b3 Bf5 (19... a6 $17 20. Qe2 Qxe2 21. Nxe2 d3 22. cxd3 Bxb3) 20. Ne2 $1 $11 Qc5 ({Black should play} 20... Bd7 $11) 21. b4 $1 $14 (21. Nxd4 Qxd4 22. Qxf5 Qxh4 $15) 21... Qc8 (21... Qxc2 $2 22. Nxd4 Qd3 23. Nxf5 Qxf3 24. gxf3 $18) 22. Nxd4 Bg4 23. Qf4 {[%emt 0:04:49][%mdl 1024] White has compensation.} a6 (23... Qd7 $14) 24. Ra3 $16 {[%emt 0:01:52] Threatens to win with Rg3.} (24. Qxd6 $6 Qc4 25. Qf4 Rbd8 $11) 24... h5 25. f3 {[%emt 0:01:27] White is much more active. The black rooks are badly placed.} ({But not} 25. Qxd6 Qc4 26. Qc5 Qxc5 27. bxc5 g6 $11) (25. Re7 $5 Qc4 26. Rae3 $16) 25... Be6 {[%emt 0:01:28] [#]} 26. Rae3 (26. Nxe6 $1 $16 fxe6 27. Qxd6) 26... Qd8 27. Qg3 Qf6 28. c3 (28. Qxd6 $2 {too greedy.} Rfd8 29. Rxe6 Rxd6 $19) (28. Nxe6 $14 fxe6 29. Rxe6 (29. Qxd6 Rbc8 $14)) 28... Rbe8 {[%emt 0:02:55] The position is equal.} 29. Qxd6 Qxh4 30. Nxe6 (30. Qb6 {with more complications.} Bd7 31. Qxb7 Rxe3 32. Rxe3 Qg5 33. Kf2) 30... fxe6 31. Rxe6 Qxe1+ (31... Rd8 {simplifies} 32. Qe7 Qxe7 33. Rxe7 Rf7) 32. Rxe1 Rxe1+ $11 {[%emt 0:00:06] KQ-KRR} 33. Kf2 Ree8 34. Qd5+ Rf7 35. Qxh5 Rc8 36. Qd5 Rxc3 {[%emt 0:24:02] Weighted Error Value: White=0.12 (very precise) /Black=0.14 (very precise)} 1/2-1/2

[Event "FIDE WSCC 50 2022"]
[Site "Assisi"]
[Date "2022.11.25"]
[Round "10.2"]
[White "Morovic Fernandez, Ivan"]
[Black "Antic, Dejan"]
[Result "1-0"]
[ECO "C18"]
[WhiteElo "2480"]
[BlackElo "2412"]
[Annotator "TA"]
[PlyCount "55"]
[EventDate "2022.11.14"]
[EventType "swiss"]
[EventCountry "ITA"]
[SourceTitle "playchess.com"]
[Source "ChessBase"]
[SourceQuality "1"]
[TimeControl "40/5400+30:1800+30"]

1. e4 e6 2. d4 d5 3. Nc3 Bb4 4. e5 c5 5. a3 Bxc3+ 6. bxc3 Ne7 7. h4 b6 8. h5 h6 {[%emt 0:10:49] C18: French: 3 Nc3 Bb4: Main line: 7 h4 and 7 Qg4.} 9. Qg4 {[%emt 0:03:09] [#]} cxd4 $146 (9... Kf8 $11) ({Predecessor:} 9... Nf5 10. Bd3 Kf8 11. Qf4 c4 12. Bxf5 exf5 13. a4 Be6 14. Ne2 Kg8 15. Ng3 Qd7 16. Nf1 {1-0 (47) Bartel,M (2600)-Studer,N (2494) Skopje 2018}) 10. cxd4 (10. Qxg7 $16 Rg8 11. Qxh6) 10... Qc7 $1 $11 {[%emt 0:01:18] [#] Strongly threatening ...Qc3+. The position is equal.} 11. Bd2 {[%emt 0:06:04] Inhibits Qc3.} (11. Qxg7 $2 {perishes.} Qc3+ 12. Kd1 Qxd4+ 13. Bd3 Rg8 14. Qxh6 Qxa1 $19) 11... Qxc2 (11... O-O $11) 12. Qxg7 $16 Rg8 {[%emt 0:00:42] This costs Black the game.} (12... Rh7 $16 13. Qg3 (13. Bb5+ Nd7 $15) 13... Qe4+ 14. Ne2 Ba6) 13. Qxh6 $18 Nbc6 (13... Qb2 $2 14. Rc1 $18) 14. Qf4 Bd7 15. h6 Nf5 (15... O-O-O $142 16. h7 (16. Qxf7 Qe4+ 17. Ne2 Rdf8 $14) 16... Rh8) 16. Rc1 {[%emt 0:03:57] White is clearly winning.} Qa4 (16... Qb2 $142 17. h7 Rh8) 17. h7 Rh8 18. g4 Ncxd4 19. gxf5 {[%emt 0:02:55] And now Qg3 would win.} Nc2+ 20. Ke2 Nd4+ 21. Ke3 Nxf5+ 22. Kf3 d4 23. Kg2 Bc6+ {[%emt 0:07:41] [#]} 24. Rxc6 $1 Qxc6+ 25. Qf3 {[%emt 0:00:03] Active counter play!} Qxf3+ 26. Nxf3 f6 27. Bd3 Kf7 28. exf6 {[%emt 0:00:31] Weighted Error Value: White=0.15 (very precise) /Black=0.68} 1-0

[Event "FIDE WSCC 50 2022"]
[Site "Assisi"]
[Date "2022.11.25"]
[Round "10.3"]
[White "Vinter-Schou, Uffe"]
[Black "Bischoff, Klaus"]
[Result "0-1"]
[ECO "B22"]
[WhiteElo "2375"]
[BlackElo "2479"]
[Annotator "TA"]
[PlyCount "45"]
[EventDate "2022.11.14"]
[EventType "swiss"]
[EventCountry "ITA"]
[SourceTitle "playchess.com"]
[Source "ChessBase"]
[SourceQuality "1"]
[TimeControl "40/5400+30:1800+30"]

1. e4 c5 2. Nf3 e6 3. c3 d5 4. exd5 Qxd5 5. d4 Nf6 6. Na3 Qd8 7. Nc2 Nbd7 8. Be2 Qc7 {[%emt 0:01:49] B22: Sicilian: 2 c3.} 9. O-O Be7 10. Re1 O-O {[%emt 0:01:04] [#] The position is equal.} 11. Bg5 $146 ({Predecessor:} 11. dxc5 Rd8 12. Ncd4 Nxc5 13. Qc2 a6 14. Bg5 b6 15. Nd2 {½-½ (15) Steinberg,S (1958)-Dost,A (1978) Bayern 2007}) 11... Rd8 12. Ne3 b6 13. d5 (13. Bb5 {with more complications.} cxd4 14. cxd4 Bb7 15. Rc1) 13... exd5 ({Black should try} 13... Nf8 $11) 14. Nxd5 Nxd5 15. Qxd5 Bb7 16. Qf5 (16. Bf4 {simplifies} Bxd5 17. Bxc7 Rdc8 18. Bg3) 16... Bxg5 17. Nxg5 Nf6 {[%emt 0:00:06] [#] Strongly threatening ...Rd5.} 18. Bc4 {[%emt 0:05:01] Inhibits Rd5.} Rd7 19. Rad1 Rxd1 $40 {[%emt 0:03:36][%mdl 128] Black has some attack. Really sharp!} 20. Rxd1 Rf8 21. Rd3 ({White should play} 21. Qd3 $11) 21... b5 (21... Bc8 $5 22. Qf3 b5 23. Bxf7+ (23. Bxb5 c4 $17) 23... Rxf7 24. Nxf7 Kxf7 $15) 22. Bxb5 {[%emt 0:01:59] [#]} (22. Bxf7+ $1 $11 Rxf7 23. Qe6 (23. Nxf7 Kxf7 24. Re3 Qd6 $15)) 22... h6 $19 23. Rg3 {[%emt 0:00:25] Weighted Error Value: White=0.29 (precise) /Black=0.10 (very precise)} (23. Ne6 {was worth a try.} fxe6 24. Qxe6+ Kh7 25. h3) 0-1

[Event "FIDE WSCC 50 2022"]
[Site "Assisi"]
[Date "2022.11.25"]
[Round "10.4"]
[White "Tereladze, Sopio"]
[Black "Holzke, Frank"]
[Result "1/2-1/2"]
[ECO "A43"]
[WhiteElo "2154"]
[BlackElo "2476"]
[Annotator "TA"]
[PlyCount "63"]
[EventDate "2022.11.14"]
[EventType "swiss"]
[EventCountry "ITA"]
[SourceTitle "playchess.com"]
[Source "ChessBase"]
[SourceQuality "1"]
[TimeControl "40/5400+30:1800+30"]

1. d4 Nf6 2. Nf3 c5 3. d5 b5 4. Bg5 Qb6 5. Qd3 c4 6. Qd4 {[%emt 0:02:47] A43: Schmid Benoni.} Qxd4 (6... Bb7 $11 {remains equal.}) 7. Nxd4 $16 {[%emt 0:00:13] [#]} a6 $146 ({Predecessor:} 7... Nxd5 8. Nxb5 a6 9. N1c3 axb5 10. Nxd5 Kd8 11. Nb6 Ra6 12. Nxc8 Kxc8 13. g3 g6 {½-½ (37) Voinov,A (2417)-Oleksienko,M (2530) Saratov 2006}) 8. Bxf6 {[%emt 0:01:22] White is better.} exf6 9. a4 Bc5 10. e3 Bb7 $1 11. axb5 Bxd4 ({Black should try} 11... Bxd5 $14 12. Nc3 axb5 13. Rxa8 Bxa8) 12. exd4 {[%emt 0:00:04] Threatens to win with Nc3.} axb5 13. Rxa8 Bxa8 14. Nc3 O-O 15. Nxb5 Bxd5 16. Nc3 Bb7 17. Bxc4 Rc8 {[%emt 0:10:07] Prevents d5.} 18. Bb5 ({Don't take} 18. Bf1 Nc6 $16) 18... Bxg2 19. Rg1 Bb7 20. Kd2 Nc6 21. Bxc6 {[%emt 0:00:48] White is more active.} Rxc6 {[%emt 0:04:40][%mdl 4096] Endgame KRB-KRN} 22. Ra1 {[%emt 0:01:59] Ra7 is the strong threat.} Kf8 (22... Rd6 $16) 23. Ra7 $18 Rb6 {[%emt 0:02:42] [#]} 24. Na4 Rd6 25. Kd3 (25. Rxb7 Rxd4+ 26. Kc3 Rxa4 $16) 25... Bg2 {[%emt 0:06:06] [#]} 26. c4 $1 Ke8 $2 (26... Rc6 27. b3 (27. Rxd7 Bf1+ 28. Ke4 f5+ 29. Ke3 Rxc4 $11) 27... d5) 27. b4 (27. d5 $142) 27... f5 $2 (27... Rc6 {is tougher.} 28. Kc3 Kd8) 28. b5 {[%emt 0:00:41] Hoping for d5.} Rh6 (28... Bf1+ $142 29. Kc3 Kd8 30. Ra8+ Kc7) 29. d5 {[%emt 0:02:23] And now b6 would win.} Rh3+ 30. Kd4 d6 31. c5 $2 ({Only move:} 31. b6 $18 Rb3 32. b7) 31... Rh4+ $14 32. Ke3 {[%emt 0:00:58] Weighted Error Value: White=0.51/Black=0.41} (32. Kc3 $5 dxc5 33. d6 $14) 1/2-1/2

[Event "FIDE WSCC 50 2022"]
[Site "Assisi"]
[Date "2022.11.25"]
[Round "10.5"]
[White "Novik, Maxim"]
[Black "Pavlovic, Milos"]
[Result "1-0"]
[ECO "C54"]
[WhiteElo "2412"]
[BlackElo "2447"]
[Annotator "TA"]
[PlyCount "55"]
[EventDate "2022.11.14"]
[EventType "swiss"]
[EventCountry "ITA"]
[SourceTitle "playchess.com"]
[Source "ChessBase"]
[SourceQuality "1"]
[TimeControl "40/5400+30:1800+30"]

1. e4 e5 2. Nf3 Nc6 3. Bc4 Bc5 4. d3 Nf6 5. c3 d6 6. O-O h6 7. Re1 (7. b4 $5 Bb6 $8 8. a4 $11) 7... O-O {[%emt 0:00:17] C54: Giuoco Piano: 4 c3 Nf6, main lines with 5 d4 and 5 d3.} 8. Nbd2 a5 9. Nf1 Bb6 {[%emt 0:07:15] The position is equal.} 10. h3 Be6 11. Bb5 Ne7 12. Ng3 c6 13. Ba4 Ng6 14. Bc2 Re8 15. d4 $1 {[%emt 0:00:38] [#]} Qe7 $146 ({Predecessor:} 15... Bc7 16. Bd2 Qe7 17. a4 Rad8 18. Bd3 Qf8 19. Qc2 Nf4 20. Bf1 Ng6 21. c4 c5 {½-½ (52) Giri,A (2764)-Nakamura,H (2736) chess24.com INT 2020}) 16. Be3 {[%emt 0:02:53] [#] Black must now prevent dxe5.} Rad8 17. Qd2 Qf8 18. Rad1 Bc7 19. Qc1 Ra8 20. b3 d5 21. dxe5 Nxe5 22. Nd2 Ng6 {[%emt 0:01:09] Inhibits f4.} 23. Bd4 Bxg3 (23... Qe7 $11 {keeps the balance.}) 24. fxg3 $16 Qe7 25. exd5 Nxd5 26. Ne4 Qc7 $2 (26... b6 27. c4 Nb4) 27. c4 $18 Nde7 {[%emt 0:00:41] [#]} 28. Nf6+ $1 {[%emt 0:03:40][%mdl 512] Weighted Error Value: White=0.06 (flawless) /Black=0.25 (precise)} 1-0

[Event "FIDE WSCC 50 2022"]
[Site "Assisi"]
[Date "2022.11.25"]
[Round "10.6"]
[White "Paschall, William"]
[Black "Lima, Darcy"]
[Result "*"]
[ECO "A37"]
[WhiteElo "2343"]
[BlackElo "2415"]
[Annotator "TA"]
[PlyCount "60"]
[EventDate "2022.11.14"]
[EventType "swiss"]
[EventCountry "ITA"]
[SourceTitle "playchess.com"]
[Source "ChessBase"]
[SourceQuality "1"]
[TimeControl "40/5400+30:1800+30"]

1. Nf3 c5 2. c4 Nc6 3. g3 g6 4. Bg2 Bg7 5. Nc3 d6 6. O-O Qd7 7. e3 {[%emt 0:01:53] 7.d3 is more fashionable.} Bxc3 {[%emt 0:00:18] A37: Symmetrical English vs ...g6: 4 Bg2 Bg7 5 Nf3.} 8. bxc3 b6 9. e4 Bb7 {[%emt 0:02:52] White is slightly better.} 10. Qe2 {[%emt 0:09:30] [#]} e5 $146 ({Predecessor:} 10... O-O-O 11. d4 e5 12. Rd1 Qe7 13. d5 Na5 14. Nd2 Ba6 15. Nb3 Bxc4 16. Qc2 Nb7 {1-0 (28) Rohan,A (2387)-Ezra,P (2233) Berkeley 2018}) 11. d3 h6 12. Ne1 O-O-O 13. Nc2 Nge7 14. Ne3 Kb8 15. Nd5 f5 16. exf5 Nxf5 17. Be4 g5 18. Bd2 Rdf8 19. Qh5 (19. Rfb1 $14) 19... Nfe7 20. f3 (20. f4 {keeps more tension.} exf4 21. gxf4 gxf4 22. Bxf4 Qe6 23. Rae1) 20... Na5 (20... Bc8 {looks sharper.} 21. f4 gxf4 22. gxf4 Qh3) 21. Nxe7 Qxe7 22. Bxb7 Qxb7 23. Qg6 Qd7 24. Qe4 Rf6 25. Rf2 Rhf8 26. Raf1 Kc7 27. Kg2 Rg8 28. Qd5 (28. g4 $11) 28... Re8 (28... Qg7 $15 {was preferrable.}) 29. Qe4 $11 Qf7 30. Bc1 (30. Rh1 $11) 30... Nc6 {[%emt 0:00:34] Weighted Error Value: White=0.19 (very precise) /Black=0.15 (very precise)} *

[Event "FIDE WSCC 50 2022"]
[Site "Assisi"]
[Date "2022.11.25"]
[Round "10.7"]
[White "Danielsen, Henrik"]
[Black "Young, Angelo"]
[Result "1-0"]
[ECO "A45"]
[WhiteElo "2514"]
[BlackElo "2309"]
[Annotator "TA"]
[PlyCount "58"]
[EventDate "2022.11.14"]
[EventType "swiss"]
[EventCountry "ITA"]
[SourceTitle "playchess.com"]
[Source "ChessBase"]
[SourceQuality "1"]
[TimeControl "40/5400+30:1800+30"]

1. d4 Nf6 2. Bf4 Nh5 3. Bd2 g6 4. e4 d6 {[%emt 0:09:36] [#]} 5. g4 $146 ({Predecessor:} 5. c3 Bg7 6. Bc4 O-O 7. Nf3 e5 8. Bg5 Bf6 9. h4 Bg4 10. Nbd2 exd4 11. cxd4 {1-0 (64) Lewtak,D (2411)-Asis Gargatagli,H (2470) Chess.com INT 2020}) 5... Nf6 6. f3 {[%emt 0:01:46] A45: Trompowsky Attack.} Bg7 7. h4 h5 8. g5 Nfd7 9. c3 a6 10. Be3 b5 11. a4 bxa4 12. Qxa4 O-O 13. Nd2 e6 14. Bd3 Bb7 15. Ne2 (15. Qb3 $5 Nb6 16. Ne2 $14) 15... Nc6 16. O-O Qc8 17. Qc2 Ne7 18. Nb3 d5 19. e5 c5 $1 20. Nxc5 Nxc5 21. dxc5 {[%emt 0:00:02] And now f4 would win.} Bxe5 22. f4 Bg7 {[%emt 0:09:10] Hoping for ...e5.} (22... Bh8 $5 23. Nd4 Qxc5 $15) 23. Nd4 Nf5 {[%emt 0:05:17] Prevents b4.} (23... Qxc5 {with more complications.} 24. Nf5 Qc7 25. Nxg7 Kxg7 26. Bd4+ Kg8) 24. Bf2 Nxd4 25. cxd4 e5 $2 (25... a5 $11 {and Black is okay.}) 26. fxe5 $18 (26. dxe5 $6 Qg4+ 27. Kh2 (27. Kh1 Qxf4 28. Qe2 Bxe5 $17) 27... Bc8 $11) 26... Qg4+ {[%emt 0:00:23] [#]} 27. Kh2 $1 (27. Kh1 $6 Bc6 28. Rfe1 (28. Bxa6 $2 Qh3+ 29. Kg1 Bxe5 $19) (28. Rxa6 $2 Rxa6 29. Qe2 Qh3+ 30. Kg1 Bxe5 $19) 28... Qf3+ 29. Kg1 Qg4+ 30. Kf1 Qh3+ 31. Kg1 Qg4+ 32. Kf1 Qh3+ 33. Ke2 Rfb8 $16) 27... Bc8 28. Rh1 (28. Be2 $18 Qf4+ 29. Kg2) 28... Rb8 $16 {[%emt 0:01:20][%cal Of7f6] [#] aiming for ...f6!} 29. Ra3 {[%emt 0:04:42] Against f6} ({But not} 29. Bxa6 $6 Qf4+ 30. Kg1 Qg4+ 31. Kh2 (31. Kf1 Ra8 $15) 31... Qh3+ 32. Kg1 Qg4+ 33. Kh2 $11 (33. Kf1 Ra8 $11)) (29. Qe2 $1 $16) 29... Rb4 {[%emt 0:00:54][%mdl 32768] Weighted Error Value: White=0.24 (precise) /Black=0.25 (precise) . Loss on time!?} 1-0

[Event "FIDE WSCC 50 2022"]
[Site "Assisi"]
[Date "2022.11.25"]
[Round "10.8"]
[White "Antonio, Rogelio Jr"]
[Black "Rewitz, Poul"]
[Result "1-0"]
[ECO "B15"]
[WhiteElo "2397"]
[BlackElo "2172"]
[Annotator "TA"]
[PlyCount "67"]
[EventDate "2022.11.14"]
[EventType "swiss"]
[EventCountry "ITA"]
[SourceTitle "playchess.com"]
[Source "ChessBase"]
[SourceQuality "1"]
[TimeControl "40/5400+30:1800+30"]

1. e4 {[%emt 0:00:19] Duda,Jan Krzysztof} c6 2. d4 d5 3. Nc3 dxe4 4. Nxe4 Nf6 5. Nxf6+ exf6 6. c3 Bd6 7. Bd3 O-O 8. Qc2 {[%emt 0:00:02] Active counter play!} Re8+ {[%emt 0:00:23] B15: Caro-Kann: 3 Nc3: 3...g6 and 3...dxe4 4 Nxe4 Nf6 5 Nxf6+ exf6.} 9. Ne2 h5 10. Be3 Nd7 {[%emt 0:00:26] The position is equal.} 11. O-O-O b5 12. d5 c5 13. Bxb5 Rb8 14. c4 {[%emt 0:03:18] [#]} Qa5 $146 (14... Re7 $14) ({Predecessor:} 14... a6 15. Ba4 Re7 16. Ng3 Ne5 17. Ne4 Reb7 18. b3 Rb4 19. Bd2 Rxa4 20. bxa4 Bf5 {1-0 (63) Duda,J (2757)-Carlsen,M (2863) Stavanger 2020 CBM 199 [Duda,Jan Krzysztof]}) 15. Rd3 (15. Kb1 $16) 15... Rxb5 $14 16. Ra3 $36 {[%emt 0:00:14][%mdl 2048] White has some pressure.} Rxb2 $2 {[%emt 0:15:51] [#]} 17. Rxa5 $18 {[%emt 0:02:24] Chess con chili.} Rxc2+ 18. Kxc2 Ne5 19. Kb3 (19. Bxc5 Nxc4 20. Bxd6 (20. Rxa7 $2 Bxc5 21. Rc7 Bf5+ 22. Kc3 Bd6 $19) 20... Bf5+ 21. Kc3 Nxa5 $11) 19... Bf5 20. Rd1 ({Weaker is} 20. Bxc5 Bxc5 21. Rxc5 Nd7 $11) (20. Ng3 $18 Bd3 21. Kc3 (21. Bxc5 Nxc4 22. Bxd6 Nxa5+ 23. Kc3 Bg6 $11)) 20... Rb8+ $2 (20... Ng4 $16) 21. Rb5 Rxb5+ 22. cxb5 Nd3 23. a4 c4+ 24. Kc3 ({Stronger than} 24. Kxc4 Nb2+ 25. Kb3 Nxd1 $11) 24... Ba3 (24... Be5+ $142 25. Kd2 (25. Kxc4 Nb2+ 26. Kb4 Nxd1 $11) 25... Nb2) 25. Kxc4 Nb2+ 26. Kb3 Nxd1 27. Kxa3 Nxe3 28. fxe3 {[%emt 0:00:03][%mdl 4096] Endgame KB-KN} Be4 29. Nc3 Bxg2 30. a5 {[%emt 0:00:05][%cal Ba4a5,Ba5b6][%mdl 32] [#] b6 would kill now.} Bf1 31. b6 {[%emt 0:02:12] White mates.} axb6 32. axb6 Ba6 33. d6 Kf8 34. Nd5 {[%emt 0:00:01] Weighted Error Value: White=0.35/Black=0.76} 1-0

[Event "FIDE WSCC 50 2022"]
[Site "Assisi"]
[Date "2022.11.25"]
[Round "10.9"]
[White "Welling, Gerard"]
[Black "Krizsany, Laszlo"]
[Result "1-0"]
[ECO "A47"]
[WhiteElo "2255"]
[BlackElo "2371"]
[Annotator "TA"]
[PlyCount "91"]
[EventDate "2022.11.14"]
[EventType "swiss"]
[EventCountry "ITA"]
[SourceTitle "playchess.com"]
[Source "ChessBase"]
[SourceQuality "1"]
[TimeControl "40/5400+30:1800+30"]

1. d4 c5 2. c3 Nf6 3. Nf3 e6 4. e3 b6 5. Nbd2 Bb7 6. Bd3 Nc6 7. O-O Rc8 {[%emt 0:01:27] A47: 1 d4 Nf6 2 Nf3 b6: Torre, London and Colle Systems.} 8. a3 d5 9. Ne5 Nxe5 {[%emt 0:09:47] Black is slightly better.} 10. dxe5 Nd7 11. f4 $1 {[%emt 0:00:15] [#]} c4 $146 ({Predecessor:} 11... g6 12. Qg4 Bg7 13. Nf3 Qe7 14. Ng5 Kd8 15. c4 dxc4 16. Bxc4 Kc7 17. Rd1 Rcd8 {1-0 (81) Alawieh,A (2360)-Kiss,A (2340) Bagneux 1994}) 12. Bc2 Nc5 13. Nf3 g6 14. Bd2 Be7 15. Nd4 Bc6 16. g4 Qd7 (16... h5 $5 ) 17. f5 Qc7 18. fxe6 (18. Be1 $5 ) 18... fxe6 (18... Nxe6 {simplifies} 19. Be1 O-O 20. Bg3 Qd7) 19. Qf3 (19. Be1 $11) 19... Qxe5 $15 (19... Rf8 20. Qh3 $14) 20. e4 dxe4 (20... Nxe4 21. Bh6 $16 (21. Bxe4 Qxe4 22. Qg3 h5 $11)) 21. Qf7+ (21. Nxc6 Rxc6 22. Qf7+ (22. Qf2 $2 Nd3 $19) 22... Kd8 $11) 21... Kd7 (21... Kd8 $5) 22. Nxc6 {[%emt 0:00:13] Chess con chili.} Rxc6 23. Rad1 $2 (23. Bh6 $1 $15 Rd8 24. Bg7 (24. Qxh7 Rh8 $17) (24. Bf4 Qf6 $11)) 23... Nd3 $19 {[%emt 0:01:08] aiming for ...Rf8.} 24. Be3 (24. Bh6 $142 Rd6 25. b4) 24... Rd6 {[%emt 0:03:01] ...Rf8 is the strong threat.} 25. Bxd3 cxd3 26. Rd2 (26. Qf4 {keeps fighting.} Rd5 27. Qh6) 26... h5 27. Qxg6 hxg4 28. Rf7 Rf8 29. Rxf8 Bxf8 30. Qxg4 Qf5 31. Qg8 (31. Qg2 Qh7 32. Rf2) 31... e5 {[%emt 0:00:59] Threatens to win with ...Rg6+.} 32. Rg2 {Against Rg6} Rf6 $2 (32... Qf3 {( -> ...Qd1+)} 33. Qg4+ Qxg4 34. Rxg4 Bh6 35. Bxh6 Rxh6) 33. Qd5+ Kc7 $1 34. h4 {[#]} Rg6 $1 35. Rxg6 Qxg6+ {[%emt 0:00:30][%mdl 4096] Endgame KQB-KQB} 36. Kh2 Bd6 $2 (36... Be7 $19 37. Qa8 Qc6 38. Qxa7+ Qb7) 37. Qc4+ (37. Qa8 $11 {was the only way to keep the balance.}) 37... Kd7 ({Black should try} 37... Kb8 $17 {Strongly threatening ...Qg4.} 38. Qc6 Qf6) 38. Qa4+ $11 Ke6 39. Qc6 Qf6 40. Qxe4 Qf7 (40... b5 $11 {remains equal.} 41. c4 d2 42. Qd5+ Kd7 43. Qxb5+ (43. Bxd2 Qxh4+ 44. Kg1 Qxc4 $17) 43... Kd8 44. Qa5+ Ke7 45. Qxd2 Qxh4+ 46. Kg1 Qxc4) 41. Qg4+ (41. Qxd3 $2 {loses.} e4+ $19) ({Only move:} 41. Qc4+ $16 Ke7 42. Bg5+ (42. Qxd3 $2 {is the wrong capture.} e4+ $19) 42... Kf8 43. Qxd3) 41... Qf5 42. Qc4+ Ke7 43. Bg5+ Kf8 44. Qd5 Qg6 45. Kg2 e4 $2 {[%emt 0:00:30][%mdl 8192] [#]} (45... Kg7 $14) 46. h5 $1 {Quite a comeback for White.   Weighted Error Value: White=0.41/Black=0.48} 1-0